 Dungeon Crawl Stone Soup version 0.29.1-15-g9cfb28693d (webtiles) character file.

Game seed: 15286331024746380958

238 LLlMATKO the Chopper (level 5, -1/48 HPs)
             Began as a Minotaur Berserker on Apr 6, 2023.
             Was a Believer of Trog.
             Slain by an orc wizard
             ... wielding a +0 dagger
              (3 damage)
             ... on level 3 of the Dungeon.
             The game lasted 00:02:19 (2803 turns).

LLlMATKO the Chopper (Minotaur Berserker)           Turns: 2803, Time: 00:02:19

Health: -1/48      AC: 14    Str: 24    XL:     5   Next: 78%
Magic:  4/4        EV:  9    Int:  4    God:    Trog [**....]
Gold:   77         SH:  0    Dex:  9    Spells: 4/4 levels left

rFire   . . .      SeeInvis .   a - +0 hand axe
rCold   . . .      Faith    .   (no shield)
rNeg    . . .      Spirit   .   e - +0 chain mail
rPois   .          Reflect  .   (helmet restricted)
rElec   .          Harm     .   i - +0 cloak
rCorr   .          Rampage  .   h - +0 pair of gloves
Will    .....                   j - +1 pair of boots
Stlth   ..........              (no amulet)
HPRegen 0.16/turn               (no ring)
MPRegen 0.09/turn               (no ring)

@: on berserk cooldown, slowed, very slow
A: horns 2, retaliatory headbutt
a: Renounce Religion, Berserk, Trog's Hand


You were on level 3 of the Dungeon.
You worshipped Trog.
Trog was pleased with you.
You visited 1 branch of the dungeon, and saw 3 of its levels.

You collected 77 gold pieces.

Inventory:

Hand Weapons
 a - a +0 hand axe (weapon)
Armour
 e - a +0 chain mail (worn)
 h - a +0 pair of gloves (worn)
 i - a +0 cloak (worn)
 j - a +1 pair of boots (worn)
Jewellery
 f - a +4 ring of protection
Scrolls
 b - a scroll of teleportation {unknown}
 c - 5 scrolls of identify {unknown}
 d - 2 scrolls of vulnerability {unknown}
 k - a scroll of enchant armour {unknown}
 l - a scroll of fear {unknown}
Potions
 g - 3 potions of haste {unknown}


   Skills:
 + Level 5.0 Fighting
 + Level 5.0 Axes
 + Level 4.2 Armour
 + Level 3.8 Dodging


You had 4 spell levels left.
You didn't know any spells.
Your spell library was empty.

Dungeon Overview and Level Annotations

Branches:
Dungeon (3/15)

Altars:
Sif Muna
Yredelemnul


Innate Abilities, Weirdness & Mutations

You have a pair of horns on your head.
You reflexively headbutt those who attack you in melee.


Message History

A puff of flame appears from out of thin air!
The puff of flame hits you!
Your unstable footing causes you to fumble your attack.
You are engulfed in a cloud of scalding steam.
Something hits you but does no damage.
Unknown command.
You closely miss something.
You are engulfed in a cloud of scalding steam.
Something hits you but does no damage. x2
Unknown command.
You miss something.
You are engulfed in a cloud of scalding steam.
Something hits you but does no damage.
Unknown command.
Your unstable footing causes you to fumble your attack.
Something hits you. x2
* * * LOW HITPOINT WARNING * * *
Unknown command.
Your unstable footing causes you to fumble your attack.
You hear some strange, mumbled words.
A magic dart appears from out of thin air!
The magic dart hits you!
* * * LOW HITPOINT WARNING * * *
Something hits you but does no damage.
Unknown command.
You barely miss something. Something hits you but does no damage.
Unknown command.
You hit something. Your headbutt misses something.
Something hits you but does no damage.
You hear some strange, mumbled words.
A magic dart appears from out of thin air!
The magic dart hits you but does no damage.
Unknown command.
Your unstable footing causes you to fumble your attack.
Something hits you.
* * * LOW HITPOINT WARNING * * *
Unknown command.
Your unstable footing causes you to fumble your attack.
Something hits you.
You die...

#..#.P♣.........####
#.##..♣♣.....##.....
#.##P.PP.P#.#######.
##.###..PP##.# #.
#8)8###.P###.. ##
#...# #.##
###.######
###8.8###.. #....<..
##≈≈..{≈≈##
.....#...)
#≈≈~8.8@≈≈##
####......
#≈≈≈~#'#~≈≈≈#
###.... #≈≈.##
##.≈≈## #...>
#≈≈≈.#...#.≈≈≈#
#....
##≈≈.#...#.≈≈##
♣.♣.♣
#≈≈.##_##.≈≈###
...... ≈≈
###.≈≈##.## ♣.♣.♣.♣
# ≈≈≈##.^.# #......
###
≈≈#####..###♣.♣.♣.♣


There were no monsters in sight!

Vanquished Creatures
  Crazy Yiuf (D:2)
  An orc priest (D:3)
  3 orc wizards (D:3)
  2 adders
  3 gnolls (D:3)
  2 worms
  A dart slug (D:2)
  5 orcs
  8 bats
  5 endoplasms
  4 hobgoblins
  2 quokkas (D:1)
  3 ball pythons
  5 frilled lizards
  5 goblins
  A kobold (D:3)
  A rat (D:1)
52 creatures vanquished.

Vanquished Creatures (others)
  6 plants (D:3)
6 creatures vanquished.

Grand Total: 58 creatures vanquished

Notes
Turn   | Place    | Note
-------+----------+-------------------------------------------
     0 | D:1      | LLlMATKO the Minotaur Berserker began the quest for the
                  | Orb.
     0 | D:1      | Reached XP level 1. HP: 19/19 MP: 0/0
   261 | D:1      | Reached XP level 2. HP: 23/27 MP: 1/1
   685 | D:1      | Found a faded altar of an unknown god.
  1208 | D:2      | Found a basalt altar of Yredelemnul.
  1257 | D:2      | Reached XP level 3. HP: 25/33 MP: 2/2
  1393 | D:2      | Found a runed translucent door.
  1394 | D:2      | Noticed Crazy Yiuf
  1667 | D:2      | Reached ** piety under Trog
  1953 | D:2      | Killed Crazy Yiuf
  1954 | D:2      | Reached XP level 4. HP: 41/41 MP: 3/3
  2387 | D:3      | Reached XP level 5. HP: 47/47 MP: 4/4
  2764 | D:3      | Found a shimmering blue altar of Sif Muna.
  2792 | D:3      | Reached skill level 5 in Fighting
  2792 | D:3      | Reached skill level 5 in Axes
  2802 | D:3      | HP: 2/48 [something (3)]
  2803 | D:3      | Slain by an orc wizard

Illustrated notes

Levels and vault maps discovered:
D:1:      minmay_arrival_five_plusses, layout_basic,
          shapermc_ecumenical_altar_totnotflames, minmay_misc_feat_more_columns,
          hangedman_glass_teeth
D:2:      layout_basic, basic_altar, uniq_crazy_yiuf_cottage
D:3:      layout_rooms, kennysheep_orc_sif_temple, serial_forest,
          infiniplex_forest_lined_room_2, infiniplex_forest_clump_small,
          infiniplex_forest_clump_large, infiniplex_forest_split,
          infiniplex_forest_lined_room_3, infiniplex_forest_clump_large,
          infiniplex_forest_clump_cross

Skill      XL: |  1  2  3  4  5 |
---------------+----------------+-----
Fighting       | 4 5 |  5.0
Axes           | 4 5 |  5.0
Armour         | 3 4 |  4.2
Dodging        | 3 |  3.8

Action                   |  1- 3 |  4- 6 || total
-------------------------+-------+-------++-------
Melee: Hand axe          |    74 |    76 ||   150
       Headbutt          |     7 |    10 ||    17
       Punch             |     1 |       ||     1
Invok: Berserk           |     1 |     1 ||     2
Armor: Animal skin       |    16 |       ||    16
       Chain mail        |    20 |    55 ||    75
Dodge: Dodged            |    46 |    22 ||    68
